Spork, chaotic male elven Priest ----- --------- |<[.--- ------.......-- ------- --------------- |....)---|.........--..| |.....| ------- |......%......| --..|....|)---------|..| |.._..| |>....| --|---.--.----|| --.|-.....---- ---- ..... ------ --....|--- |..|...|-.| +..| --|.........| - ----- -|- |..-.| ---..|..---|..|--|-..--|..| ----.|....|..----...-- |.| |..|.| --|-.....-|--........--|| -----..|....|%....---- |.| |..|.|-- --......--................| ------ |..|........%..%.---.-- --|....||.......-|..--------|--..-- |%%!%| --......---...........---- |%|..||...{....|--|(........|..-- ....| |........| .|...........---|.|..|--.......| |[.!/..=.!|...| -|- ------....---- --...---......-|.|------....--| -----------...| --- -.---...-|...-|..|..|-...|..---...|.--..|...|....|------ |.......-- |..|-.........|..--|..|..|--.....|-....|@.......---...-|.=((| |.------- |..-...........)...-.---|-----..--.....a....--....|-...-.(((| |.|...| -----.....{.)..----.............[.|...`.......|-...|...-|.((+| |.|...| |..............-- --+--.---------.........--..|........|------ |.--|------- -+-----.........| |.| --.......-----|...|....|--------.....|....| --..------- |.- ---...--- --..|...--......|...{..-..-|| --- - ---- -----.....----........|..|(| ------- --------------- Spork the Adept Experience level: 7 Strength: 12 Dexterity: 12 Constitution: 16 Intelligence: 9 Wisdom: 17 Charisma: 11 Health: 0(59) Energy: 45(117) Def: 9 Gold: 0 Moves: 3289 Dungeon seed: DjmVwxjUNOexGL4a Game ID: Spork_1615739470 Your Inventory: Weapons a - a blessed rusty +2 mace (weapon in hand) M - 7 +1 arrows (in quiver) O - a +0 bow (alternate weapon; not wielded) P - a +0 crossbow Q - 13 +0 crossbow bolts V - 25 +0 arrows Armor e - a blessed +0 robe (being worn) n - a +0 small shield (being worn) r - a +0 dwarvish iron helm (being worn) x - a +0 pair of elven boots (being worn) A - a +0 leather armor (being worn) Y - a +0 pair of leather gloves (being worn) Comestibles c - a clove of garlic d - a sprig of wolfsbane s - 5 slime molds u - a food ration K - a eucalyptus leaf Scrolls w - a blessed scroll of scare monster Spellbooks N - a spellbook of extra healing Wands F - a wand of striking (0:0) Tools l - a sack v - a skeleton key I - a wax candle (0:400) R - a partly used wax candle (lit) (0:349) Contents of the sack: 532 gold pieces a scroll of scare monster a spellbook of detect monsters a spellbook of healing a blessed spellbook of slow monster 2 potions of holy water a potion of oil 2 potions of water a skeleton key a tin whistle 2 aquamarine stones an emerald a garnet stone a jasper stone a worthless piece of black glass 2 worthless pieces of blue glass 2 worthless pieces of green glass 2 worthless pieces of white glass a worthless piece of yellow glass 2 worthless pieces of yellowish brown glass Spells and supernatural/magical abilities: Name Level Category Fail Memory h - healing 1 healing 0% 84% n - detect monsters 1 divination 0% 84% s - slow monster 2 enchantment 43% 89% W - pray for help -- divine ? -- X - turn undead -- divine ? -- Your skills at the end: Fighting Skills Weapon Skills mace [Basic] Spellcasting Skills clerical spells [Basic] Final Attributes: You were piously aligned. You were sleep resistant. You had infravision. You were stealthy. You are dead. Vanquished creatures: a jaguar 6 fire ants 3 Mordor orcs a pony 7 gnome lords 2 gnomish wizards a kobold mummy a black naga hatchling a little dog a kitten 8 dwarves an iguana a hobbit 6 manes 2 giant rats a cave spider a red mold 25 gnomes 2 gnome zombies 6 jackals a fox a kobold 3 goblins 11 grid bugs a bat 3 lichens a kobold zombie 3 newts 101 creatures vanquished. Voluntary challenges: You had been an atheist until turn 2607. You used a wielded weapon 131 times, starting on turn 105. You read items or engraved 5 times, starting on turn 296. You never genocided any monsters. You never polymorphed an object. You never changed form. You used no wishes. You never split a pudding. You never wrote Elbereth's name. You never violated your personal moral code. Dungeon overview: The Dungeons of Doom: levels 1 to 3 Level 1 a fountain a long staircase Level 2 an armor shop, a fountain Level 3 a general store stairs to The Gnomish Mines The Gnomish Mines: levels 4 to 6 Level 4 stairs to The Dungeons of Doom Level 5 Level 6 <- You were here some shops, a temple to Ptah, some fountains History has recorded: On T:1 you entered the Dungeons of Doom to retrieve the Amulet of Yendor! On T:375 you advanced to experience level 2. On T:483 you reached level 2 of The Dungeons of Doom. On T:847 you advanced to experience level 3. On T:956 you reached level 3 of The Dungeons of Doom. On T:1276 you reached level 1 of The Gnomish Mines. On T:1296 you advanced to experience level 4. On T:1379 you advanced to experience level 5. On T:1665 you reached level 2 of The Gnomish Mines. On T:1749 you advanced to experience level 6. On T:2346 you reached level 3 of The Gnomish Mines. On T:3092 you advanced to experience level 7. Score breakdown: Gold: 532 ( 9275 points) Experience: 7 levels (13645 points) Exploration: 6 levels ( 12.77%) ( 9890 points) Discoveries: 12 items ( 4.20%) ( 6145 points) Valuables value: (no points given unless you survive) Artifact value: 0 ( 0 points) Variety of kills: 28 monsters ( 7.35%) ( 8132 points) Turncount: 3289 turns ( -735 points) Survival: died (score multiplied by 80%) Total score: 37081 Latest messages: You fail to cast the spell correctly. The fire ant bites! The fire ant misses. The fire ant just misses! The fire ant bites! You hear water falling on coins. The fire ant bites! (5x) The fire ant just misses! (2x) The fire ant misses. The fire ant bites! (2x) The fire ant seems to be moving slower. The fire ant misses. The fire ant bites! The fire ant misses. The fire ant bites! You hit the fire ant. The fire ant bites! You die... Final status: Goodbye Spork the Priest, killed by a fire ant... You died in The Gnomish Mines on dungeon level 6 with 37081 points, and 532 pieces of gold, after 3289 moves. You were level 7 with a maximum of 59 hit points when you died.